 Dungeon Crawl Stone Soup version 0.30-a0-390-g80c34de65d (webtiles) character file.

Game seed: 2931449393639524743

812 arthad the Digger (level 7, -1/36 HPs)
             Began as a Gargoyle Earth Elementalist on Dec 4, 2022.
             Slain by a gnoll
             ... wielding a +0 halberd
             ... led by a gnoll bouda
              (3 damage)
             ... on level 5 of the Dungeon.
             The game lasted 00:12:22 (4663 turns).

arthad the Digger (Gargoyle Earth Elementalist)     Turns: 4663, Time: 00:12:22

Health: -1/36      AC:  8    Str: 11    XL:     7   Next: 93%
Magic:  3/12       EV: 12    Int: 18    God:
Gold:   127        SH:  0    Dex: 10    Spells: 7/13 levels left

rFire   . . .      SeeInvis .    (no weapon)
rCold   . . .      Faith    .    (no shield)
rNeg    + . .      Spirit   .    a - +0 robe
rPois   ∞          Reflect  .    b - +0 helmet
rElec   +          Harm     .    (no cloak)
rCorr   .          Rampage  .    y - +0 pair of gloves
Will    .....                    (no boots)
Stlth   +++.......               (no amulet)
HPRegen 0.26/turn                o - +4 ring of slaying
MPRegen 0.13/turn                (no ring)

@: weakened
A: sickness immunity, AC +4, negative energy resistance 1, electricity
resistance, torment resistance 1, petrification resistance
a: no special abilities


You were on level 5 of the Dungeon.
You visited 1 branch of the dungeon, and saw 5 of its levels.
You also visited: Ossuary.

You collected 239 gold pieces.
You spent 112 gold pieces at shops.

Inventory:

Missiles
 q - 2 javelins
Armour
 a - a +0 robe (worn)
 b - a +0 helmet (worn)
 x - an orb of guile
 y - a +0 pair of gloves (worn)
Jewellery
 o - a +4 ring of slaying (left hand)
 z - the amulet of Elemental Vulnerability {rPois rF-- rC-- AC+8}
   (You found it on level 5 of the Dungeon)

   [amulet of nothing]

   AC:        It affects your AC (+8).
   rF:        It makes you very vulnerable to fire.
   rC:        It makes you very vulnerable to cold.
   rPois:     It protects you from poison.
Scrolls
 c - 4 scrolls of butterflies
 d - a scroll of noise
 e - 3 scrolls of teleportation
 g - 5 scrolls of identify
 h - 2 scrolls of poison
 n - a scroll of silence
 t - 3 scrolls of vulnerability {unknown}
 v - a scroll of brand weapon {unknown}
 w - 2 scrolls of blinking {unknown}
 B - a scroll of magic mapping {unknown}
Potions
 f - 3 potions of might {unknown}
 i - 3 potions of lignification {unknown}
 j - 4 potions of curing
 k - a potion of invisibility {unknown}
 l - a potion of attraction {unknown}
 m - a potion of haste {unknown}
 p - a potion of berserk rage {unknown}
 r - a potion of degeneration {unknown}
 s - 4 potions of heal wounds
 u - a potion of mutation {unknown}
 A - a potion of brilliance {unknown}


   Skills:
 + Level 3.4 Dodging
 + Level 5.0 Stealth
 + Level 3.9 Spellcasting
 + Level 3.1 Transmutations
 + Level 5.9 Earth Magic


You had 7 spell levels left.
You knew the following spells:

 Your Spells              Type           Power      Damage    Failure   Level
a - Sandblast             Erth           48%        2d12      1%          1
b - Passwall              Tmut/Erth      15%        N/A       3%          2
c - Stone Arrow           Conj/Erth      28%        3d8       13%         3

Your spell library contained the following spells:

 Spells                   Type           Power      Damage    Failure   Level
 Ensorcelled Hibernation  Hex/Ice        6%         N/A       22%         2
 Petrify                  Tmut/Erth      19%        N/A       22%         4
 Spider Form              Tmut/Pois      9%         N/A       24%         3
 Anguish                  Hex/Necr       1%         N/A       83%         4
 Alistair's Intoxication  Tmut/Pois      6%         N/A       91%         5


Dungeon Overview and Level Annotations

Branches:
Dungeon (5/15)            Ossuary (visited)
 Temple: D:4-7

Altars:
The Shining One

Shops:
D:4 !


Innate Abilities, Weirdness & Mutations

You are immune to sickness and miasma.
Your stone body is resilient. (AC +4)
You are immune to poison.
You resist negative energy. (rN+)
You are resistant to electric shocks. (rElec)
You are resistant to unholy torment.
You are immune to petrification.


Message History

Aiming: Sandblast (safe; 1% risk of failure)
Press: ? - help, Q - select action, (/) - cycle Shift-Dir - straight line, f - adder
Aim: an adder (72% to hit)
The blast of sand misses the adder.
The blast of sand hits the gnoll!
You kill the gnoll!
The adder bites you but does no damage. The adder bites you.
Your Stealth skill increases to level 5!
Unknown command.
Aiming: Sandblast (safe; 1% risk of failure)
Press: ? - help, Q - select action, (/) - cycle Shift-Dir - straight line, f/p - adder
Aim: an adder (72% to hit)
The blast of sand hits the adder!
You kill the adder!
Unknown command.
Unknown command.
Aiming: Sandblast (safe; 1% risk of failure)
Press: ? - help, Q - select action, (/) - cycle Shift-Dir - straight line, f - gnoll bouda
Aim: a gnoll bouda, wielding a +0 club and wearing a +0 robe (85% to hit)
The blast of sand hits the gnoll bouda!
The gnoll bouda is heavily wounded.
The gnoll hits you from afar with a +0 halberd!
The gnoll bouda gazes fiercely through you!
You feel your attacks grow feeble. The gnoll bouda barely misses you.
The gnoll hits you from afar with a +0 halberd.
Aiming: Sandblast (safe; 1% risk of failure)
Press: ? - help, Q - select action, (/) - cycle Shift-Dir - straight line, f/p - gnoll bouda
Aim: a gnoll bouda, wielding a +0 club and wearing a +0 robe (heavily wounded, 85% to hit)
The blast of sand hits the gnoll bouda but does no damage.
The gnoll bouda is heavily wounded.
The gnoll hits you from afar with a +0 halberd!
The gnoll bouda hits you with a +0 club!
* * * LOW HITPOINT WARNING * * *
Aiming: Sandblast (safe; 1% risk of failure)
Press: ? - help, Q - select action, (/) - cycle Shift-Dir - straight line, f/p - gnoll bouda
Aim: a gnoll bouda, wielding a +0 club and wearing a +0 robe (heavily wounded, 85% to hit)
The blast of sand hits the gnoll bouda!
You kill the gnoll bouda!
The gnoll hits you from afar with a +0 halberd.
You die...

....... ##..... ##..
###..# #...g #..## ##.....
#..## ##.g..... ###..####
#........ ###.......####
##........
##.......#....###.........
#.........###.@)g.........
#.........# ####g........S
#.......[## ##.........
##........# #.........
##.......### ##.(......
#...###### #.....##. ...##
####### ...# ..##


You could see 2 gnolls.

Vanquished Creatures
  An ogre (D:5)
  2 phantoms (D:4)
  An elf zombie (Ossuary)
  A scorpion (D:5)
  3 centaur zombies (Ossuary)
  A gnoll bouda (D:5)
  A hound (D:4)
  Jessica (D:3)
  An iguana (D:5)
  An orc wizard (D:3)
  3 mummies
  Robin (D:2)
  2 gnolls (D:5)
  5 adders
  2 adder zombies (Ossuary)
  2 dart slugs
  7 orcs
  5 bats
  9 endoplasms
  7 giant cockroaches
  17 goblins
  13 hobgoblins
  A quokka (D:1)
  6 ball pythons
  3 frilled lizards
  3 goblin zombies (Ossuary)
  5 hobgoblin zombies (Ossuary)
  A jackal zombie (Ossuary)
  7 kobolds
  15 kobold zombies
  7 orc zombies (Ossuary)
  5 rats
  2 rat zombies (Ossuary)
141 creatures vanquished.

Notes
Turn   | Place    | Note
-------+----------+-------------------------------------------
     0 | D:1      | arthad the Gargoyle Earth Elementalist began the quest for
                  | the Orb.
     0 | D:1      | Reached XP level 1. HP: 10/10 MP: 3/3
   301 | D:1      | Reached skill level 1 in Transmutations
   301 | D:1      | Reached XP level 2. HP: 15/15 MP: 1/5
   676 | D:1      | Reached XP level 3. HP: 19/19 MP: 4/6
   679 | D:1      | Learned a level 2 spell: Passwall
   683 | D:1      | Learned a level 3 spell: Stone Arrow
   732 | D:1      | Got Geosivot's Cyclopedia of Coarse Shapeshifting
   934 | D:1      | Found a faded altar of an unknown god.
  1606 | D:2      | Reached XP level 4. HP: 24/24 MP: 3/7
  1997 | D:3      | Noticed Robin
  2077 | D:2      | Killed Robin
  2078 | D:2      | Reached XP level 5. HP: 14/28 MP: 6/9
  2160 | D:3      | Noticed Jessica
  2184 | D:3      | Killed Jessica
  2812 | D:4      | Noticed a phantom
  2892 | D:4      | Found Pasuch's Distillery.
  2906 | D:4      | Bought a potion of heal wounds for 70 gold pieces
  2906 | D:4      | Bought a potion of curing for 42 gold pieces
  2912 | D:4      | Found a sand-covered staircase.
  2998 | Ossuary  | Entered an ossuary
  3167 | Ossuary  | Reached XP level 6. HP: 32/32 MP: 7/10
  3317 | Ossuary  | Reached skill level 5 in Earth Magic
  3858 | D:4      | Reached XP level 7. HP: 36/36 MP: 5/12
  3982 | D:4      | Found a glowing golden altar of the Shining One.
  4497 | D:5      | Entered Level 5 of the Dungeon
  4497 | D:5      | Found the amulet of Elemental Vulnerability {rPois rF--
                  | rC-- AC+8}
  4660 | D:5      | Reached skill level 5 in Stealth
  4663 | D:5      | Slain by a gnoll

Illustrated notes

Levels and vault maps discovered:
D:1:      grunt_arrival_lava_bath, layout_basic,
          chequers_ecumenical_altar_simple
D:2:      layout_basic
D:3:      layout_rooms, uniq_robin, uniq_jessica
D:4:      layout_loops_cross, nicolae_tso_swordbearing_angel, serial_shops,
          nicolae_shop_advertising_works [nicolae_subvault_shop_adworks],
          nicolae_ossuary_entry_giza
D:5:      layout_cave_pods, temple_statues, uniq_grinder

Skill      XL: |  1  2  3  4  5  6  7 |
---------------+----------------------+-----
Transmutations | 1 2 3 |  3.1
Earth Magic    | 4 5 |  5.9
Dodging        | 2 3 |  3.4
Stealth        | 3 4 5 |  5.0
Spellcasting   | 3 |  3.9

Action                   |  1- 3 |  4- 6 |  7- 9 || total
-------------------------+-------+-------+-------++-------
Melee: Unarmed           |    16 |     5 |     1 ||    22
Throw: Javelin           |       |       |     4 ||     4
 Cast: Sandblast         |    56 |   148 |    36 ||   240
  Use: Potion            |       |     1 |       ||     1
       Scroll            |       |     7 |       ||     7
Armor: Robe              |    14 |    42 |     5 ||    61
Dodge: Dodged            |    42 |    59 |    15 ||   116

Table legend: (Time is in decaauts)
 A = Elapsed time spent in this place.
 B = Non-inter-level travel time spent in this place.
 C = Inter-level travel time spent in this place.
 D = Time resting spent in this place.
 E = Time spent auto-exploring this place.
 F = Levels seen in this place.
 G = Mean time per level.
                   A        B        C        D        E       F      G
               +--------+--------+--------+--------+--------+-----+--------+
         Total |   4784 |   4581 |    203 |    451 |   3223 |   6 |  797.3 |
       Dungeon |   4064 |   3861 |    203 |    225 |   2899 |   5 |  812.8 |
       Ossuary |    719 |    719 |      0 |    226 |    324 |   1 |  719.0 |
               +--------+--------+--------+--------+--------+-----+--------+

Top non-repeatable levels by time:
     D:1: 1137 daAuts
     D:4: 1079 daAuts
     D:2: 1032 daAuts
 Ossuary: 719 daAuts
     D:3: 638 daAuts
     D:5: 177 daAuts
